 Dungeon Crawl Stone Soup version 0.29.0-7-g18a832c13a (webtiles) character file.

Game seed: 3430346947331094013

58192 Sobieck the Rapturous (level 14, -6/132 HPs)
             Began as a Hill Orc Fighter on Aug 31, 2022.
             Was a Follower of Uskayaw.
             Mangled by Snorg (7 damage)
             ... on level 12 of the Dungeon.
             The game lasted 00:46:58 (27356 turns).

Sobieck the Rapturous (Hill Orc Fighter)           Turns: 27356, Time: 00:46:58

Health: -6/132     AC: 22    Str: 24    XL:     14   Next: 89%
Magic:  28/28      EV:  7    Int:  8    God:    Uskayaw [*.....]
Gold:   1620       SH:  6    Dex: 10    Spells: 13/13 levels left

rFire   . . .      SeeInvis .   a - +1 broad axe (elec) {axe}
rCold   + . .      Faith    .   c - +0 buckler
rNeg    . . .      Spirit   .   l - +2 plate armour {rC+}
rPois   .          Reflect  .   A - +2 hat
rElec   .          Harm     .   u - +2 cloak
rCorr   .          Rampage  .   (no gloves)
Will    +++..                   y - +0 pair of boots
Stlth   ..........              (no amulet)
HPRegen 0.32/turn               W - ring of willpower
MPRegen 0.21/turn               V - ring of willpower

@: hasted, invisible, very quick
A: no striking features
a: Renounce Religion, Stomp


You were on level 12 of the Dungeon.
You worshipped Uskayaw.
Uskayaw was greatly pleased with you.
You visited 4 branches of the dungeon, and saw 21 of its levels.
You visited the Abyss 1 time.

You collected 2120 gold pieces.
You spent 500 gold pieces at shops.


   Skills:
 - Level 14.0 Fighting
 * Level 16.1 Axes
 - Level 9.0 Armour
 + Level 10.6 Shields
 + Level 20.1 Invocations


You had 13 spell levels left.
You didn't know any spells.
Your spell library contained the following spells:

 Spells                   Type           Power      Damage    Failure   Level
 Magic Dart               Conj           0%         1d3       99%         1
 Shock                    Conj/Air       0%         1d3       99%         1
 Blink                    Tloc           0%         N/A       100%        2
 Call Imp                 Summ           0%         N/A       100%        2
 Sublimation of Blood     Necr           0%         N/A       100%        2
 Wereblood                Tmut           0%         N/A       100%        2
 Mephitic Cloud           Conj/Pois/Air  0%         N/A       100%        3
 Swiftness                Air            0%         N/A       100%        3
 Airstrike                Air            0%         2d(0-16)  100%        4
 Olgreb's Toxic Radiance  Pois           0%         N/A       100%        4
 Alistair's Intoxication  Tmut/Pois      0%         N/A       100%        5
 Borgnjor's Vile Clutch   Necr/Erth      0%         N/A       100%        5
 Fireball                 Conj/Fire      0%         3d3       100%        5
 Iskenderun's Battlesphe  Conj           0%         2d6       100%        5
 Manifold Assault         Tloc           0%         N/A       100%        5
 Conjure Ball Lightning   Conj/Air       0%         3x3d6     100%        6
 Eringya's Noxious Bog    Tmut/Pois      0%         N/A       100%        6
 Orb of Destruction       Conj           0%         9d5       100%        7
 Ozocubu's Refrigeration  Ice            0%         4d7       100%        7
 Storm Form               Tmut/Air       0%         N/A       100%        7
 Summon Hydra             Summ           0%         N/A       100%        7
 Ignition                 Fire           0%         3d3       100%        8

Inventory:

Hand Weapons
 a - a +1 broad axe of electrocution (weapon) {axe}
   (You took it off an orc knight on level 1 of the Orcish Mines)
 Q - a +2 spectral war axe {axe}
Missiles
 e - 16 poisoned darts {throwing}
 i - 199 stones {throwing}
 k - 6 curare-tipped darts {=fthrowing}
 m - 2 throwing nets {=f!fthrowing}
 s - 4 atropa-tipped darts {throwing}
 v - 17 boomerangs (quivered) {throwing}
 C - 8 silver boomerangs {throwing}
Armour
 c - a +0 buckler (worn)
 h - a +0 kite shield
   (You found it on level 1 of the Dungeon)
 l - a +2 plate armour of cold resistance (worn)
   (You took it off an orc warrior on level 2 of the Orcish Mines)
 u - a +2 cloak (worn)
   (You found it on level 2 of the Dungeon)
 y - a +0 pair of boots (worn)
   (You found it on level 2 of the Dungeon)
 A - a +2 hat (worn)
   (You took it off Gastronok on level 2 of the Lair of Beasts)
 O - a +0 helmet
   (You found it on level 9 of the Dungeon)
Magical Staves
 j - a staff of air {!astaff}
   (You found it on level 1 of the Dungeon)
Jewellery
 q - a +6 ring of dexterity
   (You found it on level 3 of the Lair of Beasts)
 t - a +4 ring of evasion
   (You found it on level 2 of the Dungeon)
 G - a ring of ice
   (You found it on level 5 of the Lair of Beasts)
 R - the ring of Ruzor {Fly rN+}
   (You found it on level 1 of the Lair of Beasts)

   [ring of positive energy]

   rN:        It protects you from negative energy.
   Fly:       It grants you flight.
 U - a ring of see invisible
   (You found it on level 11 of the Dungeon)
 V - a ring of willpower (right hand)
   (You found it on level 6 of the Dungeon)
 W - a ring of willpower (left hand)
   (You found it on level 1 of the Lair of Beasts)
Wands
 w - a wand of polymorph (18)
   (You found it on level 7 of the Dungeon)
 J - a wand of acid (2)
   (You found it on level 8 of the Dungeon)
 K - a wand of mindburst (19)
   (You found it on level 8 of the Dungeon)
 N - a wand of digging (5)
   (You found it on level 1 of the Lair of Beasts)
 S - a wand of charming (6)
   (You found it on level 8 of the Dungeon)
Scrolls
 b - a scroll of poison {!r}
 g - 3 scrolls of fog
 n - 3 scrolls of blinking {!r}
 o - 2 scrolls of silence {!r}
 x - 2 scrolls of identify {@r1}
 D - a scroll of torment {!r}
 I - a scroll of fear
 L - 2 scrolls of amnesia
 P - 3 scrolls of magic mapping {!r}
 X - 2 scrolls of teleportation {@r4}
 Y - 3 scrolls of immolation {!r!r}
Potions
 d - 4 potions of might
 f - 4 potions of attraction {!q}
 p - 3 potions of heal wounds {@q2}
 r - 9 potions of curing {@q1}
 z - 2 potions of mutation {!q}
 B - 4 potions of cancellation
 F - 2 potions of ambrosia
 H - 4 potions of lignification {!q}
 T - a potion of brilliance
 Z - 3 potions of haste {@q3}
Miscellaneous
 E - a box of beasts
   (You found it on level 10 of the Dungeon)

Dungeon Overview and Level Annotations

Branches:
Dungeon (13/15) Zot: 26322  Temple (1/1) D:6 Zot: 5929    Lair (5/5) D:9 Zot: 21976
 Shoals (0/4) Lair:3        Snake (0/4) Lair:2          Orc (2/2) D:9 Zot: 7958
    Elf (0/3) Orc:2
  Slime: Lair:4-5    Vaults: D:13-14

Altars:
Ashenzari
Elyvilon
Makhleb
Nemelex Xobeh
Sif Muna
Trog
Uskayaw
Vehumet
Wu Jian
Zin
Beogh

Shops:
D:9 (   D:11 ?   Orc:2 ?(([

Annotations:
D:3 1 runed translucent door, bigduke15's ghost, weakling DjFi
D:5 1 runed translucent door, Crazy Yiuf
D:6 exclusions: electric eel and 1 more exclusion
D:7 2 transporters, snarfax's ghost, novice TrFi
D:12 Snorg
Lair:2 2 transporters
Lair:5 exclusions: ice statue and oklob plant

#.##################...........
#.# #.##..###### #.#
#.###.######
#.##################...........
#.....................#.......#
#...........>#######..#.......#
#............# ##.##.....##
#.......)....#######..####.###.
#...........DT@.......##.......
################......#........
#.####.#...###.. #.#
#.##....##) #.####.###....[.
################.!......##...#)
#........................#..##.
#.................###....#..#..
#.................# #.......#..


You could see Snorg (berserk, unable to see you) and a six-headed hydra (unable
to see you).


Message History

A mysterious force pulls you upwards. The hatch slams shut behind you.
Unknown command.
Unknown command.
Done exploring.
(D) Dungeon (T) Temple (L) Lair (A) Shoals (P) Snake Pit (O) Orcish Mines (E) Elven Halls
Where to? (Enter - D:13, ? - help)
There is a stone staircase leading down here.
You climb downwards.
There is a stone staircase leading up here.
Unknown command.
Unknown command.
Unknown command.
i - 196 stones {throwing} (gained 8)
H - 4 potions of lignification {!q} (gained 1)
You now have 1597 gold pieces (gained 13).
You now have 1620 gold pieces (gained 23).
i - 199 stones {throwing} (gained 3) Snorg and a six-headed hydra come into view.
Snorg shouts!
The six-headed hydra roars!
You see here a scroll of fear.
Danger!
Unknown command.
Found a stone staircase leading down.
Danger!
Snorg draws her long claws delicately across her gut.
Snorg remarks, "Ah, I'm absolutely famished!"
Snorg remarks, "Ah, I could eat a centaur!"
Snorg pats her sizable gut.
There is a stone staircase leading up here.
Unknown command.
Snorg goes berserk!
Unknown command.
The six-headed hydra bites you.
The six-headed hydra bites you but does no damage.
The six-headed hydra barely misses you.
You block the six-headed hydra's attack.
The six-headed hydra bites you but does no damage.
The six-headed hydra bites you. Snorg bites you.
Snorg claws you but does no damage. Snorg barely misses you.
You climb upwards.
There is a stone staircase leading down here.
Unknown command.
Unknown command.
Unknown command.
Snorg bites you! Snorg claws you! You block Snorg's attack.
The six-headed hydra attacks as you move away!
The six-headed hydra bites you.
You block the six-headed hydra's attack.
The six-headed hydra barely misses you.
The six-headed hydra bites you but does no damage.
The six-headed hydra bites you.
The six-headed hydra bites you but does no damage.
Unknown command.
Unknown command.
Snorg attacks as you move away! You block Snorg's attack. Snorg claws you.
Snorg closely misses you.
The six-headed hydra attacks as you move away!
The six-headed hydra bites you but does no damage. x2
The six-headed hydra bites you!
The six-headed hydra bites you but does no damage.
The six-headed hydra closely misses you.
The six-headed hydra bites you but does no damage.
Snorg closely misses you. Snorg claws you. Snorg claws you but does no damage.
Snorg rages.
Unknown command.
Okay, then.
You feel yourself speed up. Snorg bites you but does no damage.
Snorg claws you but does no damage. Snorg claws you. You block Snorg's attack.
Snorg claws you but does no damage. x2
Unknown command.
You fade into invisibility!
Snorg bites you but does no damage. Snorg claws you but does no damage.
Snorg claws you.
Unknown command.
Unknown command.
You slice Snorg!! Lightning courses through Snorg! Snorg bites you.
Snorg claws you but does no damage. x2
Unknown command.
You catch the helpless Snorg completely off-guard!
You hit Snorg. You closely miss Snorg. Snorg bites you!!
* * * LOW HITPOINT WARNING * * *
Snorg claws you!
* * * LOW HITPOINT WARNING * * *
Snorg closely misses you.
Unknown command.
You slice Snorg!! Snorg bites you.
* * * LOW HITPOINT WARNING * * *
Snorg claws you!
* * * LOW HITPOINT WARNING * * *
Snorg claws you.
* * * LOW HITPOINT WARNING * * *
You barely miss Snorg. Snorg bites you but does no damage.
You block Snorg's attack. Snorg claws you but does no damage.
Unknown command.
You slice Snorg!! Snorg bites you!!
* * * LOW HITPOINT WARNING * * *
Snorg claws you!
You die...

Skill      XL: |  1  2  3  4  5  6  7  8  9 10 11 12 13 14 |
---------------+-------------------------------------------+-----
Axes           | 3 4 5 7 8 9 12 14 16 | 16.1
Fighting       | 4 5 6 7 8 9 10 13 14 | 14.0
Invocations    | 5 11 15 17 19 20 | 20.1
Armour         | 5 8 9 |  9.0
Shields        | 5 8 10 | 10.6

Action                   |  1- 3 |  4- 6 |  7- 9 | 10-12 | 13-15 || total
-------------------------+-------+-------+-------+-------+-------++-------
Melee: War axe           |   103 |   126 |   162 |   337 |   300 ||  1028
       Broad axe         |       |       |       |       |   306 ||   306
 Fire: Sling             |       |       |       |     1 |       ||     1
Throw: Dart              |     2 |       |     2 |     8 |       ||    12
       Boomerang         |       |       |       |    33 |    10 ||    43
Invok: Grand Finale      |       |       |       |       |     1 ||     1
Evoke: Wand              |       |       |       |     9 |     3 ||    12
  Use: Scroll            |       |     5 |    12 |    12 |    10 ||    39
       Potion            |       |       |       |     1 |     9 ||    10
 Stab: Distracted        |       |       |     1 |     6 |     2 ||     9
       Paralysed         |       |       |       |    24 |    80 ||   104
       Invisible         |       |       |       |       |     1 ||     1
Armor: Scale mail        |    25 |       |       |       |       ||    25
       Plate armour      |    46 |    81 |    42 |   121 |   415 ||   705
Dodge: Dodged            |    46 |    48 |    50 |   126 |   319 ||   589
Block: Buckler           |    27 |    18 |    21 |    46 |   184 ||   296

Levels and vault maps discovered:
D:1:      amcnicky_arrival_flooded_fountain, layout_loops_ring,
          ebering_ecumenical_altar_hall
D:2:      layout_rooms, basic_altar, uniq_terence
D:3:      layout_loops_cross, evilmike_ruin_ashenzari, ebering_ghost_sewer_d
D:4:      layout_loops_ring, lemuel_old_faithful
D:5:      layout_cave_pods, serial_column_ruins, column_ruins_square_medium,
          column_ruins_square_medium, column_ruins_open_tiny,
          column_ruins_grid_1, column_ruins_open_tiny,
          column_ruins_corridor_straight, column_ruins_columns_corner,
          uniq_crazy_yiuf_cottage
D:6:      layout_loops_ring, minmay_temple_entry_hall, gup_sewer_entry_spiral,
          minivault_14
D:7:      layout_loops_ring, gammafunk_ghost_wrathful_warriors,
          kennysheep_generic_room_6
D:8:      layout_layer_cave
D:9:      layout_gridville, mainiacjoe_overflow_paths, erik_lair_island,
          david_orc_3, serial_shops, nicolae_shop_waterfront
D:10:     layout_basic
D:11:     layout_gridville, serial_shops, nicolae_lakefront_shop, uniq_psyche
D:12:     minmay_curly_fans, layout_long_grid, special_room [special_room_orc],
          lightli_wizard_tower, uniq_azrael
D:13:     lemuel_troll_bridge, layout_cave_pools, portal_ice_cave_rime,
          uniq_snorg
Temple:   nicolae_temple_slightly_damp_pantheon
Lair:1:   wander_river, layout_gridlike
Lair:2:   gammafunk_cloud_chamber, layout_regular_city,
          minmay_snake_entry_guardpost_small, chequers_serial_rivers_micro_e,
          minmay_holes, uniq_gastronok
Lair:3:   layout_regular_city, minmay_shoals_entry_centaurs
Lair:4:   layout_small_grid, nicolae_lair_yak_garden, grunt_megastairs_5
Lair:5:   evil_forest, layout_regular_city, minmay_slime_entry_oklob_open,
          grunt_forest_small_clearings, ice2_lemuel, lemuel_fruit_tree
Orc:1:    layout_caves
Orc:2:    grunt_orc_community_town_hall, layout_diamond_mine,
          grunt_orc_community_big_house_1, grunt_orc_community_big_house_2,
          grunt_orc_community_house_1, grunt_orc_community_house_3,
          grunt_orc_community_house_3, grunt_orc_community_house_1,
          grunt_orc_community_house_2, grunt_orc_community_house_3,
          gauntlet_entry_generic

Notes
Turn   | Place    | Note
-------+----------+-------------------------------------------
     0 | D:1      | Sobieck the Hill Orc Fighter began the quest for the Orb.
     0 | D:1      | Reached XP level 1. HP: 19/19 MP: 1/1
    65 | D:1      | Reached skill level 3 in Axes
   299 | D:1      | Reached XP level 2. HP: 27/27 MP: 2/2
   565 | D:1      | Reached skill level 4 in Fighting
   714 | D:1      | Reached skill level 4 in Axes
   774 | D:1      | Reached XP level 3. HP: 30/33 MP: 3/3
  1071 | D:1      | Found a faded altar of an unknown god.
  1150 | D:2      | Found a white marble altar of Elyvilon.
  1238 | D:2      | Noticed Terence
  1259 | D:2      | Killed Terence
  1260 | D:2      | Reached XP level 4. HP: 18/41 MP: 4/4
  1265 | D:2      | Reached skill level 5 in Axes
  1919 | D:3      | Found a runed translucent door.
  2209 | D:3      | Found a broken altar of Ashenzari.
  2263 | D:3      | Reached XP level 5. HP: 38/47 MP: 5/5
  2401 | D:3      | Reached skill level 6 in Axes
  2540 | D:3      | Noticed bigduke15's ghost (weakling DjFi)
  2778 | D:4      | Reached skill level 5 in Fighting
  3050 | D:4      | Reached skill level 7 in Axes
  3050 | D:4      | Reached XP level 6. HP: 35/56 MP: 6/6
  3227 | D:4      | You pick up a book of Minor Magic and begin reading...
  3227 | D:4      | You add the spells Magic Dart, Call Imp and Mephitic Cloud
                  | to your library.
  3371 | D:4      | Noticed a black bear
  3380 | D:4      | Killed a black bear
  3381 | D:4      | Reached skill level 6 in Fighting
  3381 | D:4      | Reached skill level 8 in Axes
  3381 | D:4      | Reached XP level 7. HP: 48/63 MP: 7/7
  3741 | D:5      | Entered Level 5 of the Dungeon
  3794 | D:5      | Reached skill level 9 in Axes
  4018 | D:5      | You add the spells Olgreb's Toxic Radiance, Ozocubu's
                  | Refrigeration and Ignition to your library.
  4034 | D:5      | Reached skill level 7 in Fighting
  4034 | D:5      | Reached XP level 8. HP: 73/73 MP: 8/8
  4131 | D:5      | You fall into a shaft and drop 3 floors!
  4169 | D:7      | Reached skill level 10 in Axes
  4563 | D:5      | Reached skill level 11 in Axes
  4797 | D:5      | Found a runed translucent door.
  4798 | D:5      | Noticed Crazy Yiuf
  4873 | D:5      | Reached skill level 8 in Fighting
  5831 | D:6      | Found a staircase to the Ecumenical Temple.
  5838 | D:6      | Reached skill level 12 in Axes
  5838 | D:6      | Reached XP level 9. HP: 81/82 MP: 9/9
  5841 | Temple   | Entered the Ecumenical Temple
  5890 | Temple   | Became a worshipper of Uskayaw the Reveller
  6049 | D:6      | Reached * piety under Uskayaw
  6050 | D:6      | Reached ** piety under Uskayaw
  6051 | D:6      | Reached skill level 1 in Invocations
  6212 | D:7      | Reached skill level 2 in Invocations
  6689 | D:7      | Reached skill level 9 in Fighting
  6761 | D:7      | Reached skill level 3 in Invocations
  6787 | D:7      | Found a transporter.
  6790 | D:7      | Noticed a moth of wrath
  6793 | D:7      | Found a bloodstained altar of Trog.
  6824 | D:7      | Found a transporter.
  6827 | D:7      | Noticed snarfax's ghost (novice TrFi)
  7101 | D:7      | Reached skill level 13 in Axes
  7698 | D:8      | Noticed a two-headed ogre
  7700 | D:8      | Reached skill level 4 in Invocations
  7707 | D:8      | Killed a two-headed ogre
  7708 | D:8      | Reached skill level 14 in Axes
  7708 | D:8      | Reached skill level 5 in Invocations
  7708 | D:8      | Reached XP level 10. HP: 75/93 MP: 11/14
  7803 | D:8      | Reached skill level 10 in Fighting
  7803 | D:8      | Reached skill level 6 in Invocations
  8147 | D:8      | Reached skill level 7 in Invocations
  8417 | D:9      | Reached skill level 8 in Invocations
  8557 | D:9      | Reached skill level 9 in Invocations
  8564 | D:9      | Reached *** piety under Uskayaw
  8735 | D:9      | Found a shimmering blue altar of Sif Muna.
  8799 | D:9      | Found Otiepp's Weapon Shop.
  8950 | D:9      | Reached skill level 10 in Invocations
  9065 | D:9      | Found a staircase to the Orcish Mines.
  9528 | D:9      | Reached skill level 11 in Invocations
  9696 | D:9      | Found a staircase to the Lair.
  9892 | D:9      | Noticed a two-headed ogre
  9900 | D:9      | Killed a two-headed ogre
 10186 | D:10     | Entered Level 10 of the Dungeon
 10373 | D:10     | Reached XP level 11. HP: 101/101 MP: 19/19
 10384 | D:10     | Reached skill level 12 in Invocations
 10404 | D:10     | Reached skill level 11 in Fighting
 11553 | D:11     | Found Fonian's Magic Scroll Boutique.
 11601 | D:11     | Bought a scroll of blinking for 112 gold pieces
 11601 | D:11     | Bought a scroll of fear for 60 gold pieces
 11601 | D:11     | Bought a scroll of identify for 30 gold pieces
 11601 | D:11     | Bought a scroll of blinking for 112 gold pieces
 11723 | D:11     | Noticed Psyche
 11729 | D:11     | Killed Psyche
 11978 | D:11     | Noticed a boulder beetle
 12000 | D:11     | Killed a boulder beetle
 12001 | D:11     | Reached skill level 13 in Invocations
 12262 | D:11     | Noticed a six-headed hydra
 12270 | D:11     | Killed a seven-headed hydra
 12271 | D:11     | Reached skill level 12 in Fighting
 12345 | D:11     | Noticed a boulder beetle
 12397 | D:11     | Killed a boulder beetle
 12397 | D:11     | Reached **** piety under Uskayaw
 12631 | D:12     | Noticed a cyan ugly thing
 12644 | D:12     | Killed a cyan ugly thing
 12715 | Lair:1   | Entered Level 1 of the Lair of Beasts
 12982 | Lair:1   | Identified the ring of Ruzor {Fly rN+}
 13073 | Lair:1   | Reached skill level 14 in Invocations
 13107 | Lair:1   | Reached skill level 13 in Fighting
 13554 | Lair:1   | Reached skill level 15 in Invocations
 13554 | Lair:1   | Reached XP level 12. HP: 79/115 MP: 23/23
 14194 | Lair:2   | Found a staircase to the Snake Pit.
 14409 | Lair:2   | Found a transporter.
 14591 | Lair:2   | Noticed Gastronok
 14601 | Lair:2   | Killed Gastronok
 14602 | Lair:2   | Reached skill level 16 in Invocations
 14643 | Lair:2   | You pick up a book of the Spheres and begin reading...
 14643 | Lair:2   | You add the spells Iskenderun's Battlesphere, Fireball,
                  | Conjure Ball Lightning and Orb of Destruction to your
                  | library.
 14942 | Lair:2   | You pick up a book of Blood and begin reading...
 14942 | Lair:2   | You add the spells Sublimation of Blood, Wereblood and
                  | Summon Hydra to your library.
 14943 | Lair:2   | Found a transporter.
 14959 | Lair:2   | You pick up a book of Blood and begin reading...
 15058 | Lair:2   | Reached skill level 17 in Invocations
 15658 | Lair:3   | Reached skill level 4 in Armour
 15658 | Lair:3   | Reached skill level 4 in Shields
 15689 | Lair:3   | Found a staircase to the Shoals.
 16234 | Lair:3   | You add the spells Blink, Manifold Assault and Storm Form
                  | to your library.
 16671 | Lair:4   | Noticed a catoblepas
 16679 | Lair:4   | Killed a catoblepas
 16801 | Lair:4   | Reached skill level 5 in Armour
 16801 | Lair:4   | Reached skill level 5 in Shields
 16873 | Lair:4   | Noticed a five-headed hydra
 16880 | Lair:4   | Killed an eight-headed hydra
 17288 | Lair:4   | Reached XP level 13. HP: 118/123 MP: 25/25
 17879 | Lair:5   | Entered Level 5 of the Lair of Beasts
 17887 | Lair:5   | Reached skill level 6 in Shields
 17891 | Lair:5   | Reached skill level 6 in Armour
 17968 | Lair:5   | You pick up a book of Air and begin reading...
 17968 | Lair:5   | You add the spells Shock, Swiftness and Airstrike to your
                  | library.
 18006 | Lair:5   | Reached skill level 14 in Fighting
 18112 | Lair:5   | Reached skill level 18 in Invocations
 18115 | Lair:5   | Reached ***** piety under Uskayaw
 18574 | Orc:1    | Entered Level 1 of the Orcish Mines
 18733 | Orc:2    | Entered Level 2 of the Orcish Mines
 19005 | Orc:2    | Found a roughly hewn altar of Beogh.
 19093 | Orc:2    | Found a roughly hewn altar of Beogh.
 19106 | Orc:2    | Found Yby Ylar's Weapon Shop.
 19131 | Orc:2    | Found a gate leading to a gauntlet.
 19151 | Orc:2    | Reached skill level 7 in Armour
 19151 | Orc:2    | Reached skill level 7 in Shields
 19823 | Orc:2    | Found a roughly hewn altar of Beogh.
 19837 | Orc:2    | Found a staircase to the Elven Halls.
 20195 | Orc:2    | Noticed an orc warlord
 20217 | Orc:2    | HP: 21/124 [orc warlord/+2 long sword of holy wrath (13)]
 20613 | Orc:1    | Killed an orc warlord
 20614 | Orc:1    | Reached skill level 8 in Armour
 20614 | Orc:1    | Reached skill level 8 in Shields
 21117 | Orc:2    | Found Useorch's Antique Weapon Boutique.
 21118 | Orc:2    | Found a roughly hewn altar of Beogh.
 21120 | Orc:2    | Found Malyj's Antique Armour Shop.
 21317 | Orc:2    | Found a roughly hewn altar of Beogh.
 21320 | Orc:2    | Found Vuupau's Magic Scroll Shop.
 21328 | Orc:2    | Bought a scroll of blinking for 90 gold pieces
 21328 | Orc:2    | Bought a scroll of fear for 48 gold pieces
 21328 | Orc:2    | Bought a scroll of fog for 48 gold pieces
 21609 | Orc:1    | Reached skill level 19 in Invocations
 21612 | Orc:1    | HP: 22/124 [orc knight/+0 long sword (16)]
 21614 | Orc:1    | HP: 5/124 [orc knight/+0 long sword (17)]
 22018 | Orc:1    | Reached XP level 14. HP: 85/132 MP: 27/27
 22759 | D:12     | Reached skill level 9 in Shields
 22760 | D:12     | Reached skill level 9 in Armour
 22764 | D:12     | Reached ****** piety under Uskayaw
 23086 | D:12     | Identified the +1 robe of Enga Tim {-Tele rCorr Dex+10
                  | Archmagi}
 23244 | D:12     | Noticed Azrael
 23253 | D:12     | Killed Azrael
 23709 | D:12     | You are cast into the Abyss!
 23709 | Abyss:2  | Cast into level 2 of the Abyss (a wizard)
 23781 | Abyss:2  | Noticed a bone dragon
 23788 | D:12     | You pass through the gate.
 23788 | D:12     | Escaped the Abyss
 23847 | D:12     | You add the spells Alistair's Intoxication, Borgnjor's Vile
                  | Clutch and Eringya's Noxious Bog to your library.
 24362 | D:12     | Found a roughly hewn altar of Beogh.
 24875 | Lair:5   | Reached skill level 15 in Axes
 24905 | Lair:5   | Reached skill level 10 in Shields
 25089 | Lair:5   | HP: 25/132 [16-headed hydra (11)]
 25094 | Lair:5   | HP: 25/132 [white imp/puff of frost (2)]
 25725 | Lair:5   | HP: 31/132 [black mamba (12)]
 26439 | Lair:5   | Reached skill level 20 in Invocations
 26551 | Lair:5   | Found a burning altar of Makhleb.
 26924 | D:13     | Reached skill level 16 in Axes
 27314 | D:13     | Noticed Snorg
 27354 | D:12     | HP: 27/132 [Snorg (17)]
 27356 | D:12     | HP: 1/132 [Snorg (24)]
 27356 | D:12     | Mangled by Snorg

Vanquished Creatures
  Gastronok (Lair:2)
  An orc warlord (Orc:1)
  Azrael (D:12)
  A fire dragon (D:12)
  2 boulder beetles (D:11)
  3 catoblepae
  7 hydras
  An ogre mage (D:12)
  A centaur warrior (D:13)
  2 two-headed ogres
  3 death yaks
  2 orc high priests (Orc:2)
  A sixfirhy (Lair:5)
  2 wizards
  4 orc knights
  A deep elf pyromancer (D:12)
  7 orc sorcerers
  A cyclops (D:13)
  A manticore (D:12)
  4 elephants (Lair:2)
  2 ugly things (D:12)
  8 black mambas
  An orange demon (Lair:5)
  A smoke demon (Lair:5)
  5 rime drakes
  Psyche (D:11)
  2 kobold demonologists (D:12)
  5 cane toads
  7 komodo dragons
  3 polar bears
  6 trolls
  4 raiju (Abyss:2)
  5 blink frogs (Lair:2)
  2 basilisks
  4 wyverns
  33 yaks
  2 wraiths
  2 fire elementals (D:12)
  A hog (shapeshifter) (D:12)
  7 vampire mosquitoes (D:12)
  A steam dragon (D:8)
  4 nagas (Lair:2)
  2 wargs
  10 water moccasins
  5 hell hounds
  9 ice beasts
  2 black bears
  40 orc warriors
  11 centaurs
  12 wolves
  10 ogres
  2 phantoms
  4 kobold brigands
  5 bullfrogs
  7 scorpions
  2 gnoll sergeants
  5 wights (D:7)
  11 killer bees
  5 howler monkeys
  An electric eel (D:9)
  A crimson imp (D:12)
  8 hounds
  20 orc priests
  2 gnoll boudas
  A jelly (D:5)
  Terence (D:2)
  7 iguanas
  27 orc wizards
  19 gnolls
  10 adders
  5 white imps
  2 ufetubi
  5 dart slugs
  103 orcs
  5 bats
  5 endoplasms
  3 giant cockroaches
  6 goblins (D:1)
  6 hobgoblins
  4 jackals (D:3)
  14 kobolds
  8 quokkas
  11 ball pythons
  A frilled lizard (D:3)
  11 rats
580 creatures vanquished.

Vanquished Creatures (others)
  A killer bee (D:11)
  An orc (Orc:2)
  18 fungi
  22 plants
42 creatures vanquished.

Grand Total: 622 creatures vanquished

Table legend:
 A = Non-vault XP
 B = Vault XP
 C = Vault XP percentage of total XP
 D = Non-vault monster count
 E = Vault monster count
 F = Vault count percentage of total count
                 A         B        C        D         E       F
            +---------+---------+-------+---------+---------+-------
      Total |   50570 |   32562 |  39.2 |     401 |     180 |  31.0
            +---------+---------+-------+---------+---------+-------
        D:1 |      43 |       0 |   0.0 |      24 |       0 |   0.0
        D:2 |      52 |      38 |  42.2 |      22 |       1 |   4.3
        D:3 |      75 |       0 |   0.0 |      15 |       0 |   0.0
        D:4 |     546 |       0 |   0.0 |      28 |       0 |   0.0
        D:5 |    1043 |       0 |   0.0 |      21 |       0 |   0.0
        D:6 |     573 |       9 |   1.5 |      14 |       6 |  30.0
        D:7 |     972 |     171 |  15.0 |      24 |       3 |  11.1
        D:8 |    2135 |     265 |  11.0 |      16 |       2 |  11.1
        D:9 |    2011 |    1131 |  36.0 |      19 |      14 |  42.4
       D:10 |    1878 |       0 |   0.0 |      12 |       0 |   0.0
       D:11 |    3963 |     379 |   8.7 |      12 |       1 |   7.7
       D:12 |    6332 |    6335 |  50.0 |      27 |      32 |  54.2
       D:13 |    1809 |    1622 |  47.3 |       6 |       2 |  25.0
     Lair:1 |    3712 |       0 |   0.0 |      18 |       0 |   0.0
     Lair:2 |    3344 |    2126 |  38.9 |      10 |       5 |  33.3
     Lair:3 |    3071 |     438 |  12.5 |       9 |       4 |  30.8
     Lair:4 |    3152 |    3924 |  55.5 |       8 |       9 |  52.9
     Lair:5 |    5567 |    8519 |  60.5 |      23 |      29 |  55.8
      Orc:1 |    5590 |    1731 |  23.6 |      57 |       6 |   9.5
      Orc:2 |    3619 |    5874 |  61.9 |      32 |      66 |  67.3
    Abyss:2 |    1083 |       0 |   0.0 |       4 |       0 |   0.0
            +---------+---------+-------+---------+---------+-------

Illustrated notes

Table legend:
 A = Kills in this place as a percentage of kills in entire the game.
 B = Kills by you in this place as a percentage of kills by you in the entire game.
 C = Kills by friends in this place as a percentage of kills by friends in the entire game.
 D = Other kills in this place as a percentage of other kills in the entire game.
 E = Experience gained in this place as a percentage of experience gained in the entire game.
 F = Experience gained in this place divided by the number of levels of this place that you have seen.
                   A       B       C       D       E      F
               +-------+-------+-------+-------+-------+----------------------
         Total | 100.0 | 100.0 |   N/A | 100.0 | 100.0 | 3778.7
       Dungeon |  51.8 |  51.7 |   N/A | 100.0 |  37.7 | 2414.0
          Lair |  19.8 |  19.8 |   N/A |   0.0 |  40.7 | 6770.6
  Orcish Mines |  27.7 |  27.8 |   N/A |   0.0 |  20.2 | 8407.0
         Abyss |   0.7 |   0.7 |   N/A |   0.0 |   1.3 | 1083.0
               +-------+-------+-------+-------+-------+----------------------

Table legend: (Time is in decaauts)
 A = Elapsed time spent in this place.
 B = Non-inter-level travel time spent in this place.
 C = Inter-level travel time spent in this place.
 D = Time resting spent in this place.
 E = Time spent auto-exploring this place.
 F = Levels seen in this place.
 G = Mean time per level.
                   A        B        C        D        E       F      G
               +--------+--------+--------+--------+--------+-----+--------+
         Total |  27381 |  26018 |   1363 |   6651 |  15587 |  22 | 1244.6 |
       Dungeon |  15168 |  14263 |    905 |   2026 |  10210 |  13 | 1166.8 |
        Temple |     70 |     49 |     21 |      0 |     26 |   1 |   70.0 |
          Lair |   8023 |   7682 |    341 |   2238 |   4602 |   5 | 1604.6 |
  Orcish Mines |   4041 |   3946 |     95 |   2385 |    728 |   2 | 2020.5 |
         Abyss |     77 |     77 |      0 |      0 |     20 |   1 |   77.0 |
               +--------+--------+--------+--------+--------+-----+--------+

Top non-repeatable levels by time:
  Lair:4: 2161 daAuts
   Orc:1: 2071 daAuts
   Orc:2: 1970 daAuts
    D:12: 1801 daAuts
  Lair:5: 1801 daAuts
     D:9: 1549 daAuts
     D:8: 1545 daAuts
  Lair:1: 1517 daAuts
    D:11: 1446 daAuts
  Lair:2: 1353 daAuts
     D:1: 1201 daAuts
  Lair:3: 1188 daAuts
     D:6: 1187 daAuts
     D:7: 1180 daAuts
    D:10: 1162 daAuts
